 Dungeon Crawl Stone Soup version 0.24.0-13-gcf9b319 (webtiles) character file.

Game seed: 16073150464409595812, levelgen mode: deterministic

130 Baelor the Grave Robber (level 5, -3/36 (38) HPs)
             Began as a Ghoul Necromancer on Dec 11, 2019.
             Killed by divine providence
             ... invoked by an orc priest
              (13 damage)
             ... on level 4 of the Dungeon.
             The game lasted 01:24:27 (3651 turns).

Baelor the Grave Robber (Ghoul Necromancer)         Turns: 3651, Time: 01:24:28

HP:   -3/36 (38)    AC:  9    Str: 12    XL:     5   Next: 13%
MP:   8/8           EV: 12    Int: 11    God:
Gold: 124           SH:  0    Dex:  9    Spells: 8/10 levels left

rFire    . . .     SeeInvis .   G - +1 flail (protect)
rCold    + . .     Gourm    .   (no shield)
rNeg     + + +     Faith    .   J - +0 robe
rPois    ∞         Spirit   .   (no helmet)
rElec    .         Reflect  .   (no cloak)
rCorr    .         Harm     .   (no gloves)
MR       .....                  (no boots)
Stlth    ++........             (no amulet)
HPRegen  0.00/turn              (no ring)
MPRegen  0.11/turn              (no ring)

@: protection aura, rotting
A: rotting body, claws 1, carnivore, cold resistance 1, negative energy
resistance 3, inhibited regeneration, torment resistance, unbreathing
a: no special abilities


You were on level 4 of the Dungeon.
You were very hungry.

You visited 1 branch of the dungeon, and saw 4 of its levels.

You collected 124 gold pieces.

Inventory:

Hand Weapons
 f - a +0 dagger
 g - a +0 hunting sling
 h - a +0 dagger
 o - a +0 hand axe
 p - a +0 dagger
 t - a +0 hunting sling
 v - a +2 short sword of holy wrath
 x - a +0 club
 y - a +0 short sword
 z - a +2 dagger of venom
 B - a +0 dagger
 C - a +0 dagger
 F - a +0 dagger
 G - a +1 flail of protection (weapon)
 H - a +0 dagger
 L - a +0 flail
 O - a +0 mace
 Q - a +0 club
 R - a +0 club
 S - a +0 dagger
 T - a +0 falchion
 V - a +0 falchion
 X - a +0 hand axe
Missiles
 i - 19 sling bullets
 j - 61 arrows
 k - 2 javelins (quivered)
 s - 134 stones
 A - 39 poisoned darts
 I - 6 bolts
Armour
 a - a +0 robe
 b - a +0 leather armour
 e - a +0 leather armour
 l - a +0 ring mail
 q - a +0 chain mail
 r - a +0 leather armour
 u - a +1 leather armour of poison resistance
 w - a +0 chain mail
 D - a +0 ring mail
 J - a +0 robe (worn)
 K - a +0 leather armour
 M - a +0 leather armour
 U - a +0 ring mail
 Y - a +0 ring mail
Wands
 P - a wand of polymorph (8)
Scrolls
 n - a scroll of teleportation
 N - 2 scrolls of enchant armour
 Z - a scroll of amnesia
Potions
 d - a potion of flight
 m - a potion of curing
 E - a potion of invisibility {unknown}
 W - a potion of degeneration {unknown}
Comestibles
 c - 8 rations


   Skills:
 + Level 0.2 Short Blades
 + Level 0.1 Axes
 + Level 1.1(1.2) Slings
 + Level 0.3(0.8) Throwing
 + Level 0.4 Armour
 + Level 2.1 Dodging
 + Level 2.3 Stealth
 + Level 3.0 Spellcasting
 + Level 4.7 Necromancy


You had 8 spell levels left.
You knew the following spells:

 Your Spells              Type           Power        Failure   Level  Hunger
a - Pain                  Necr           ##..         3%          1    #......
b - Animate Skeleton      Necr           N/A          3%          1    #......

Your spell library contained the following spells:

 Spells                   Type           Power        Failure   Level  Hunger
 Vampiric Draining        Necr           ##........   11%         3    ###....
 Regeneration             Chrm/Necr      #.........   30%         3    ###....
 Animate Dead             Necr           N/A          36%         4    #####..


Dungeon Overview and Level Annotations

Branches:
Dungeon (4/15)
 Temple: D:4-7

Altars:
Makhleb


Innate Abilities, Weirdness & Mutations

Your body is rotting away.
You thrive on raw meat.
You are immune to poison.
You have sharp fingernails.
You are carnivorous and can eat meat at any time.
Your flesh is cold resistant. (rC+)
You are immune to negative energy. (rN+++)
You do not regenerate when monsters are visible.
You are immune to unholy pain and torment.
You can survive without breathing.


Message History

The orc priest calls down the wrath of Beogh upon you.
Beogh smites you!
You hear a shout!
You closely miss the orc priest.
The orc priest is lightly wounded.
You hear a shout!
The orc priest closely misses you.
You closely miss the orc priest.
The orc priest is lightly wounded.
The orc shouts!
The orc priest invokes the aid of Beogh against you.
Beogh smites you!
* * * LOW HITPOINT WARNING * * *
An orc comes into view. It is wielding a +0 whip.
You hit the orc priest.
Your weapon exudes an aura of protection.
The orc priest is moderately wounded.
The orc priest calls down the wrath of Beogh upon you.
Beogh smites you!
You die...

#..#.. #.....
.
##....#####..
......⌠#⌠...
#o.........
#o.........
#..s.......
###o########
#@o......#
#........#
#........#
#........#
#........#
...#
#........#
.....
#........#
...)##
#.########
#....# #.#


You could see an orc priest, 3 orcs and a giant cockroach.

Vanquished Creatures
  3 adders (D:2)
  2 oozes
  A dart slug (D:3)
  4 leopard geckos
  14 orcs
  A ball python (D:3)
  3 bats
  4 giant cockroaches
  8 goblins
  7 hobgoblins
  3 jackals (D:2)
  7 frilled lizards
  5 kobolds
  8 rats
70 creatures vanquished.

Vanquished Creatures (collateral kills)
  A dart slug (D:2)
  A goblin (D:1)
  A hobgoblin (D:3)
  3 kobolds
  A bat (D:2)
  A frilled lizard (D:3)
  A rat (D:1)
9 creatures vanquished.

Grand Total: 79 creatures vanquished

Notes
Turn   | Place    | Note
-------+----------+-------------------------------------------
     0 | D:1      | Baelor the Ghoul Necromancer began the quest for the Orb.
     0 | D:1      | Reached XP level 1. HP: 14/14 MP: 2/2
    85 | D:1      | Learned a level 1 spell: Animate Skeleton
   508 | D:1      | Reached XP level 2. HP: 20/20 MP: 1/3
  1383 | D:2      | Reached XP level 3. HP: 15/26 MP: 2/5
  1840 | D:2      | Reached XP level 4. HP: 25/33 MP: 1/6
  3109 | D:3      | Reached skill level 1 in Slings
  3146 | D:3      | Reached XP level 5. HP: 14/38 MP: 6/8
  3233 | D:3      | Found a burning altar of Makhleb.
  3627 | D:4      | Identified the +1 leather armour of Defiance {MR- Int+9
                  | SInv}
  3651 | D:4      | Killed from afar by an orc priest

Levels and vault maps discovered:
D:1:      nzn_arrival_crosshair, layout_basic, serial_glass, glass_columns_b,
          glass_columns_c, glass_columns_a, glass_columns_b, glass_columns_b,
          glass_columns_b, minivault_5
D:2:      layout_loops_ring, serial_forest, infiniplex_forest_lined_corner,
          infiniplex_forest_zigzag_1, infiniplex_forest_straight_2,
          infiniplex_forest_diagonal, minmay_tall_x
D:3:      layout_loops_ring, lemuel_crystal_altar
D:4:      layout_basic, nicolae_overflow_quartered_altars, tgw_fedhas

Skill      XL: |  1  2  3  4  5 |
---------------+----------------+-----
Spellcasting   | 2 3 |  3.0
Dodging        | 2 |  2.1
Slings         | 1 |  1.1
Short Blades   | |  0.2
Axes           | |  0.1
Throwing       | |  0.3
Armour         | |  0.4
Stealth        | |  2.3
Necromancy     | |  4.7

Action                   |  1- 3 |  4- 6 || total
-------------------------+-------+-------++-------
Melee: Unarmed           |    28 |       ||    28
       Dagger            |    19 |    56 ||    75
       Hand axe          |     5 |       ||     5
       Flail             |       |     4 ||     4
 Fire: Hunting sling     |    30 |    26 ||    56
Throw: Javelin           |       |     4 ||     4
       Stone             |       |     1 ||     1
 Cast: Pain              |    38 |    37 ||    75
       Animate Skeleton  |    14 |    13 ||    27
  Use: Potion            |     6 |       ||     6
       Scroll            |     6 |     6 ||    12
  Eat: Chunk             |     5 |     5 ||    10
Armor: Leather armour    |    32 |    11 ||    43
       Robe              |       |     8 ||     8
Dodge: Dodged            |   106 |    50 ||   156
